 Dungeon Crawl Stone Soup version 0.30-a0-1074-g5db6f66fbb (webtiles) character file.

Game seed: 8497008265855986997

6662 pokedragonboy the Destroyer (level 11, -2/54 HPs)
             Began as a Tengu Conjurer on Apr 13, 2023.
             Was a Follower of Vehumet.
             Slain by a vampire (10 damage)
             ... on level 2 of the Abyss.
             The game lasted 00:35:26 (9752 turns).

pokedragonboy the Destroyer (Tengu Conjurer)        Turns: 9752, Time: 00:35:26

Health: -2/54      AC:  3    Str:  5    XL:     11   Next: 3%
Magic:  16/24      EV: 14    Int: 23    God:    Vehumet [*.....]
Gold:   161        SH:  0    Dex: 12    Spells: 13/27 levels left

rFire   + + .      SeeInvis .    B - +4 short sword of Tortfeasance {freeze, rF+ rC+ rN+ Str-3}
rCold   + + .      Faith    .    n - +3 buckler
rNeg    + . .      Spirit   .    a - +0 robe
rPois   .          Reflect  .    (helmet restricted)
rElec   .          Rampage  .    x - scarf {harm}
rCorr   .          Harm     + .  o - +0 pair of gloves
Will    .....                    (boots unavailable)
Stlth   +                        m - amulet of magic regeneration
HPRegen 0.29/turn                i - ring of protection from fire
MPRegen 0.59/turn                s - ring of protection from cold

@: confused, flying quickly and evasively, quick
A: beak, talons 3, nimble flight
a: Renounce Religion


You were on level 2 of the Abyss.
You worshipped Vehumet.
Vehumet was aware of your devotion.
You visited 2 branches of the dungeon, and saw 9 of its levels.
You visited the Abyss 1 time.
You also visited: Ossuary and Bailey.

You collected 270 gold pieces.
You spent 109 gold pieces at shops.

Inventory:

Hand Weapons
 t - a +4 long sword
 B - the +4 short sword of Tortfeasance (weapon) {freeze, rF+ rC+ rN+ Str-3}
   (You found it on level 7 of the Dungeon)

   Str:       It affects your strength (-3).
   rF:        It protects you from fire.
   rC:        It protects you from cold.
   rN:        It protects you from negative energy.
Armour
 a - a +0 robe (worn)
 n - a +3 buckler (worn)
 o - a +0 pair of gloves (worn)
 r - a +2 cloak
 x - a scarf of harm (worn)
Jewellery
 i - a ring of protection from fire (left hand)
 m - an amulet of magic regeneration (around neck)
 s - a ring of protection from cold (right hand)
Wands
 c - a wand of flame (19)
Scrolls
 f - a scroll of enchant weapon
 k - a scroll of enchant armour
 p - 2 scrolls of amnesia
 v - a scroll of silence
 y - 6 scrolls of fear
Potions
 b - 2 potions of haste
 d - a potion of heal wounds
 e - 5 potions of curing
 g - 2 potions of flight
 h - a potion of invisibility
 l - a potion of lignification {unknown}
 q - a potion of resistance
 w - a potion of cancellation
 z - 4 potions of mutation


   Skills:
 - Level 2.1 Dodging
 - Level 2.0 Stealth
 - Level 3.0 Shields
 + Level 8.8 Spellcasting
 * Level 14.0 Conjurations
 - Level 3.0 Hexes
 - Level 3.0 Translocations
 - Level 5.0 Fire Magic
 - Level 5.0 Air Magic


You had 13 spell levels left.
You knew the following spells:

 Your Spells              Type           Power      Damage    Failure   Level
a - Magic Dart            Conj           100%       1d8       1%          1
b - Searing Ray           Conj           100%       2d8       1%          2
c - Fulminant Prism       Conj/Hex       24%        3d12      2%          4
d - Iskenderun's Mystic   Conj/Tloc      49%        2d11      2%          4
e - Volatile Blastmotes   Fire/Tloc      56%        2d14      4%          3

Your spell library contained the following spells:

 Spells                   Type           Power      Damage    Failure   Level
 Foxfire                  Conj/Fire      100%       2x1d9     1%          1
 Dazzling Flash           Conj/Hex       98%        N/A       1%          3
 Mephitic Cloud           Conj/Pois/Air  39%        N/A       1%          3
 Sticky Flame             Conj/Fire      52%        2d7       1%          4
 Swiftness                Air            33%        N/A       3%          3
 Vhi's Electric Charge    Tloc/Air       56%        N/A       4%          3
 Arcjolt                  Conj/Air       26%        1d36      4%          5
 Ensorcelled Hibernation  Hex/Ice        34%        N/A       7%          2
 Gell's Gravitas          Tloc           23%        N/A       8%          3
 Teleport Other           Tloc           23%        N/A       8%          3
 Call Imp                 Summ           20%        N/A       13%         2
 Passwall                 Tmut/Erth      8%         N/A       13%         2
 Ignite Poison            Fire/Tmut/Pois 17%        N/A       13%         3
 Irradiate                Conj/Tmut      21%        3d18      13%         5
 Starburst                Conj/Fire      26%        6d8       26%         6
 Plasma Beam              Fire/Air       16%        2x1d30    86%         6
 Blade Hands              Tmut           5%         N/A       93%         5
 Lee's Rapid Deconstruct  Erth           5%         3d6*      93%         5
 Dispersal                Tloc           11%        N/A       98%         6
 Dragon Form              Tmut           5%         N/A       100%        7
 Ignition                 Fire           16%        3d7       100%        8


Dungeon Overview and Level Annotations

Branches:
Dungeon (8/15)             Temple (1/1) D:4         Ossuary (visited)
 Bailey (visited)
   Lair: D:8-11

Altars:
Ashenzari
Cheibriados
Dithmenos
Elyvilon
Fedhas
Gozag
Hepliaklqana
Nemelex Xobeh
Ru
Sif Muna
Trog
Vehumet
Wu Jian
Xom
Yredelemnul
Zin
The Shining One

Shops:
D:3 *![[   D:5 ![[

Annotations:
D:4 1 runed translucent door


Innate Abilities, Weirdness & Mutations

You have a beak for a mouth.
You have claws for feet.
Your magical nature lets you fly swiftly and evasively.


Message History

You block the vampire's attack. The vampire bites you!
* * * LOW HITPOINT WARNING * * *
The vampire draws strength from your injuries!
You feel much better. The vampire hits you. The vampire completely misses you.
Casting: Searing Ray (safe; 1% risk of failure)
Confirm with . or Enter, or press ? or * to list all spells.
You erupt in a blast of force!
The mystic blast hits the vampire!
The vampire is almost destroyed.
The vampire is knocked back by the mystic blast.
Unknown command.
Casting: Iskenderun's Mystic Blast (dangerous; 2% risk of failure)
Confirm with . or Enter, or press ? or * to list all spells.
Aiming: Searing Ray (safe; 1% risk of failure)
Press: ? - help, Shift-Dir - straight line, f/p - vampire
Aim: a vampire (almost destroyed, 83% to hit)
The searing ray hits the vampire but does no damage.
The vampire is almost destroyed. (Press . to maintain the ray.)
The vampire casts a spell.
The vampire flickers and vanishes!
Deactivating autopickup; reactivate with Ctrl-A.
Something hits you. Something barely misses you.
You finish channelling your searing ray.
Something hits you!
* * * LOW HITPOINT WARNING * * *
Something bites you.
* * * LOW HITPOINT WARNING * * *
Something draws strength from your injuries!
You feel much better.
You hear some strange, mumbled words.
You are confused.
You're too confused to cast spells.
Okay, then.
Unknown command.
Something hits you! Something bites you!
* * * LOW HITPOINT WARNING * * *
Something draws strength from your injuries!
You closely miss something. Your kick misses something.
Your peck misses something. Something hits you!
You die...

. .. ..# . .
##### ##.## #
.....∩.##.#
.##.# #...
...# . # . #
...## ._# ..
###....## ## #
##..### .#..
##.{.# ## ..
#..@## . ..
#.......... .#
##..#........
. ##
#...#........
..
....##......#.
..... #.....##
###..
########## #
## . . .. . .
. # . ..


There were no monsters in sight!

Vanquished Creatures
  A two-headed ogre (Bailey)
  Pikel (D:4)
  A gargoyle (D:7)
  A troll (D:7)
  Sigmund (D:2)
  3 spriggans (Bailey)
  A basilisk (D:7)
  Eustachio (D:4)
  A vampire mosquito (D:7)
  A chaos spawn (Abyss:2)
  An acid dragon (Bailey)
  2 water moccasins (D:6)
  An orc warrior (D:6)
  3 sky beasts
  A black bear (D:5)
  6 ice beasts
  8 ogres
  2 centaurs
  2 phantoms
  3 lemures
  2 bullfrogs
  A small abomination (Abyss:2)
  2 elf zombies (Ossuary)
  8 wights
  A howler monkey (D:6)
  A jelly (D:4)
  4 hounds
  3 human zombies (Ossuary)
  5 orc priests
  Crazy Yiuf (D:3)
  An iguana (D:5)
  Jessica (D:3)
  5 orc wizards
  2 mummies (Ossuary)
  10 adders
  A gnoll (D:5)
  3 shadow imps
  A white imp (D:6)
  4 ufetubi
  2 adder zombies (Ossuary)
  4 worms
  2 dart slugs (D:1)
  14 orcs
  3 endoplasms
  2 giant cockroaches
  10 goblins
  5 hobgoblins
  6 jackals
  8 kobolds
  2 quokkas
  4 ball pythons
  5 bats
  8 frilled lizards
  A goblin skeleton (D:4)
  11 hobgoblin zombies (Ossuary)
  9 kobold zombies (Ossuary)
  8 orc zombies (Ossuary)
  6 rats
  2 rat zombies (Ossuary)
209 creatures vanquished.

Vanquished Creatures (others)
  6 fulminant prisms
6 creatures vanquished.

Grand Total: 215 creatures vanquished

Notes
Turn   | Place    | Note
-------+----------+-------------------------------------------
     0 | D:1      | pokedragonboy the Tengu Conjurer began the quest for the
                  | Orb.
     0 | D:1      | Reached XP level 1. HP: 10/10 MP: 4/4
   230 | D:1      | Reached XP level 2. HP: 15/15 MP: 3/6
   244 | D:1      | Reached skill level 1 in Air Magic
   369 | D:1      | Learned a level 2 spell: Searing Ray
   589 | D:1      | Reached XP level 3. HP: 19/19 MP: 2/7
  1437 | D:2      | Reached skill level 1 in Hexes
  1506 | D:2      | Reached XP level 4. HP: 24/24 MP: 3/8
  1631 | D:2      | Noticed Sigmund
  2140 | D:2      | You fall into a shaft and drop 2 floors!
  2231 | D:4      | Found a sand-covered staircase.
  2236 | D:4      | Noticed a lemure
  2236 | D:4      | Noticed a lemure
  2237 | D:4      | Noticed a lemure
  2237 | D:4      | Noticed a lemure
  2238 | D:4      | Noticed Pikel
  2241 | Ossuary  | Entered an ossuary
  2443 | Ossuary  | Reached skill level 6 in Conjurations
  2781 | Ossuary  | Gained mutation: Your magical nature lets you fly swiftly
                  | and evasively. [Tengu growth]
  2781 | Ossuary  | Reached XP level 5. HP: 15/28 MP: 0/10
  3042 | Ossuary  | Reached XP level 6. HP: 17/32 MP: 0/12
  3702 | D:3      | Noticed an angel
  3703 | D:3      | Found a glowing silver altar of Zin.
  3709 | D:3      | Found a hazy altar of Hepliaklqana.
  3716 | D:3      | Found Xuck's General Store.
  3879 | D:3      | Found Netioni's Antique Armour Boutique.
  3919 | D:3      | Noticed Jessica
  3930 | D:3      | Killed Jessica
  3957 | D:3      | Found Juajor's Armour Emporium.
  3965 | D:3      | Bought a +0 pair of gloves for 54 gold pieces
  4193 | D:2      | Killed Sigmund
  4194 | D:2      | Reached skill level 1 in Shields
  4194 | D:2      | Reached skill level 7 in Conjurations
  4194 | D:2      | Reached XP level 7. HP: 32/36 MP: 10/13
  4262 | D:3      | Found Beite Tos's Distillery.
  4464 | D:3      | Found a runed translucent door.
  4466 | D:3      | Noticed Crazy Yiuf
  4684 | D:4      | Noticed Eustachio
  4750 | D:4      | Killed Eustachio
  4803 | D:4      | Identified the +1 ring mail "Zusoatti" {Drain Fly SInv}
  4837 | D:4      | Found a runed translucent door.
  4837 | D:4      | Noticed a human
  4844 | D:4      | Found a basalt altar of Yredelemnul.
  4994 | D:4      | Found a staircase to the Ecumenical Temple.
  5003 | Temple   | Entered the Ecumenical Temple
  5260 | D:4      | Reached skill level 5 in Air Magic
  5312 | D:3      | Bought a potion of heal wounds for 55 gold pieces
  5346 | D:4      | Reached XP level 8. HP: 30/41 MP: 7/15
  5459 | D:3      | Learned a level 4 spell: Fulminant Prism
  5484 | D:3      | Killed Crazy Yiuf
  5624 | D:4      | Killed Pikel
  5625 | D:4      | Reached skill level 5 in Spellcasting
  5625 | D:4      | Reached skill level 8 in Conjurations
  5719 | D:4      | Found a sacrificial altar of Ru.
  5990 | D:5      | Entered Level 5 of the Dungeon
  6069 | D:5      | Reached skill level 9 in Conjurations
  6110 | D:5      | Found Siur's Antique Armour Emporium.
  6340 | D:5      | Found Guxow's Distillery.
  6519 | D:5      | Found Viabouh's Antique Armour Shoppe.
  6707 | D:5      | Reached XP level 9. HP: 45/45 MP: 13/19
  7153 | D:5      | Reached skill level 10 in Conjurations
  7153 | D:5      | Reached skill level 1 in Fire Magic
  7554 | D:6      | Found an ornate altar of the Wu Jian Council.
  7906 | D:6      | Reached skill level 11 in Conjurations
  8495 | D:7      | Learned a level 4 spell: Iskenderun's Mystic Blast
  8545 | D:7      | Found a blossoming altar of Fedhas.
  8614 | D:7      | Found a radiant altar of Vehumet.
  8621 | D:7      | Became a worshipper of Vehumet
  8640 | D:7      | Reached XP level 10. HP: 50/50 MP: 18/22
  8707 | D:7      | Found a broken altar of Ashenzari.
  8708 | D:7      | Found a snail-covered altar of Cheibriados.
  8709 | D:7      | Found a shadowy altar of Dithmenos.
  8777 | D:7      | Found a flagged portal.
  8791 | D:7      | Identified the +4 short sword of Tortfeasance {freeze, rF+
                  | rC+ rN+ Str-3}
  8799 | D:7      | Learned a level 3 spell: Volatile Blastmotes
  8816 | Bailey   | Entered a bailey
  8836 | Bailey   | Reached skill level 1 in Translocations
  8875 | Bailey   | Reached skill level 5 in Fire Magic
  8896 | Bailey   | Reached skill level 12 in Conjurations
  8896 | Bailey   | Noticed a two-headed ogre
  8914 | Bailey   | Killed a two-headed ogre
  9313 | D:7      | Found a sparkling altar of Nemelex Xobeh.
  9502 | D:8      | Reached skill level 13 in Conjurations
  9615 | D:7      | Reached * piety under Vehumet
  9615 | D:7      | Offered knowledge of Foxfire by Vehumet.
  9619 | D:7      | Noticed a white ugly thing
  9621 | D:7      | Noticed a gargoyle
  9635 | D:7      | Killed a gargoyle
  9644 | D:7      | Noticed a wizard
  9650 | Abyss:2  | Cast into level 2 of the Abyss (a wizard)
  9651 | Abyss:2  | Reached XP level 11. HP: 35/54 MP: 19/24
  9688 | Abyss:2  | Found a corrupted altar of Lugonu.
  9711 | Abyss:2  | Noticed a purple very ugly thing
  9711 | Abyss:2  | Noticed a purple very ugly thing
  9720 | Abyss:2  | Reached skill level 14 in Conjurations
  9752 | Abyss:2  | Slain by a vampire

Illustrated notes

Levels and vault maps discovered:
D:1:      lightli_arrival_quake, layout_loops_corners, minmay_lizard_pond
D:2:      layout_loops_ring, uniq_sigmund
D:3:      layout_basic, zin_angel, lemuel_crystal_altar, serial_shops, shop,
          shop, nicolae_square_shop, nicolae_square_shop, serial_glass,
          glass_columns_c, glass_columns_a, uniq_crazy_yiuf_cottage,
          uniq_jessica
D:4:      layout_gridville, dk_yredelemnul_ordeal,
          nicolae_ru_the_path_less_chosen, minmay_temple_entry_offerings,
          nicolae_ossuary_entry_ruins, grunt_decor_resistance,
          chequers_serial_rivers_micro_d, uniq_pikel, uniq_eustachio
D:5:      minmay_chambers_of_fours, layout_layer_cave, serial_shops, shop, shop,
          kennysheep_mini_moat
D:6:      layout_loops_ring, marbit_many_paths
D:7:      minmay_klotski, layout_cave_pools, fedhas_altar_fruit_tree,
          mainiacjoe_overflow_alcove_3, nicolae_vehumet_altar_sigil,
          enter_bailey_2
D:8:      layout_rooms, bloody_makhleb, gammafunk_ghost_abyssal_escape,
          kennysheep_minor_cross, uniq_grum, uniq_maggie
Temple:   nicolae_temple_bog_church
Abyss:2:  base:
D:5

Skill      XL: |  1  2  3  4  5  6  7  8  9 10 11 |
---------------+----------------------------------+-----
Air Magic      | 1 2 3 4 5 |  5.0
Hexes          | 1 2 3 |  3.0
Conjurations   | 6 7 9 11 13 14 | 14.0
Spellcasting   | 3 4 6 7 8 |  8.8
Shields        | 1 2 3 |  3.0
Fire Magic     | 4 5 |  5.0
Translocations | 3 |  3.0
Dodging        | |  2.1
Stealth        | |  2.0

Action                     |  1- 3 |  4- 6 |  7- 9 | 10-12 || total
---------------------------+-------+-------+-------+-------++-------
  Melee: Unarmed           |    10 |       |       |       ||    10
         Kick              |     3 |     7 |       |     2 ||    12
         Peck              |     2 |     2 |       |       ||     4
         Short sword       |       |    26 |       |     5 ||    31
   Cast: Magic Dart        |    62 |    68 |   106 |    30 ||   266
         Searing Ray       |     1 |    30 |    56 |    32 ||   119
         Volatile Blastmot |       |       |       |     8 ||     8
         Fulminant Prism   |       |       |       |     6 ||     6
         Iskenderun's Myst |       |       |       |     4 ||     4
    Use: Potion            |     2 |     2 |       |     7 ||    11
         Scroll            |       |     5 |    10 |     3 ||    18
 Armour: Robe              |     8 |     8 |     9 |     2 ||    27
  Dodge: Dodged            |    21 |    58 |    25 |    28 ||   132
  Block: Buckler           |       |       |    13 |    26 ||    39

Table legend: (Time is in decaauts)
 A = Elapsed time spent in this place.
 B = Non-inter-level travel time spent in this place.
 C = Inter-level travel time spent in this place.
 D = Time resting spent in this place.
 E = Time spent auto-exploring this place.
 F = Levels seen in this place.
 G = Mean time per level.
                   A        B        C        D        E       F      G
               +--------+--------+--------+--------+--------+-----+--------+
         Total |   9262 |   8684 |    578 |   1288 |   5218 |  12 |  771.8 |
       Dungeon |   7565 |   6992 |    573 |    670 |   4988 |   8 |  945.6 |
        Temple |    153 |    148 |      5 |      0 |    118 |   1 |  153.0 |
         Abyss |     95 |     95 |      0 |      0 |      0 |   1 |   95.0 |
       Ossuary |   1096 |   1096 |      0 |    465 |     18 |   1 | 1096.0 |
        Bailey |    351 |    351 |      0 |    153 |     92 |   1 |  351.0 |
               +--------+--------+--------+--------+--------+-----+--------+

Top non-repeatable levels by time:
     D:1: 1369 daAuts
     D:3: 1227 daAuts
     D:6: 1172 daAuts
     D:5: 1121 daAuts
 Ossuary: 1096 daAuts
     D:2: 1001 daAuts
     D:4: 958 daAuts
     D:7: 691 daAuts
  Bailey: 351 daAuts
  Temple: 153 daAuts
 Abyss:2: 95 daAuts
     D:8: 24 daAuts
